AoeStats
← Ice_And_Fire

Arabia

509950031Analyzed
2v2 RM · 5d ago on Sep 28, 2026· 32m 10s· 4 players
Game mode
Random Map
Map size
Medium (4 player)
Population
200
Speed
Normal
Resources
Standard
Victory
Conquest
Starting age
Dark Age
Ending age
Imperial Age
RankedLock teamsTeams togetherTeam positionsShared explorationLock speedFull tech treeHidden civsTurbo modeCheats
Victory
Defeat
🇦🇷 Cumans · Argentina
1090
+12
🇮🇪 Britons · Ireland
1025
+15
🇩🇪 Bulgarians · Germany
1012
-14
🇩🇪 Franks · Germany
995
-13
darrylp.oneill
12:12 Feudal Age
17:27 Castle Age
15:39 Double-Bit Axe
16:56 Wheelbarrow
19:09 Fletching
21:54 Horse Collar
24:54 Bodkin Arrow
25:36 Padded Archer Armor
28:03 Ballistics
28:24 Leather Archer Armor
28:20 Pikeman
32:06 Imperial Age
30:16 Crossbowman
31:19 Forging
Marco Aurelio
5:04 Loom
9:52 Feudal Age
10:23 Double-Bit Axe
17:27 Horse Collar
19:22 Wheelbarrow
20:59 Gold Mining
21:39 Town Watch
24:13 Castle Age
22:37 Bloodlines
22:33 Scale Barding Armor
23:30 Forging
25:41 Chain Barding Armor
26:59 Iron Casting
Bujerissimo
8:10 Loom
11:49 Feudal Age
14:03 Double-Bit Axe
21:10 Gold Mining
21:19 Stone Mining
27:05 Castle Age
26:18 Forging
29:20 Husbandry
30:05 Gold Shaft Mining
30:16 Wheelbarrow
Ice_And_Fire
7:54 Loom
10:03 Feudal Age
11:20 Double-Bit Axe
11:19 Horse Collar
15:40 Scale Mail Armor
18:50 Forging
22:29 Castle Age
20:45 Forging
21:31 Scale Barding Armor
22:30 Bloodlines
27:00 Wheelbarrow
26:43 Gold Mining
28:59 Iron Casting
28:55 Husbandry
30:05 Town Watch
31:52 Chain Barding Armor
Connection lost

Rejoining the realm…

Still unreachable

The connection could not be restored.

Session expired

The server has moved on; the page needs a fresh start.